[Event "Early-Titled-Tuesday-Blitz-September-05-2023"]
[Site "Chess.com"]
[Date "2023.09.05"]
[Round "7"]
[White "Aygehovit1992"]
[Black "ozates"]
[Result "1-0"]
[WhiteElo "2705"]
[BlackElo "2566"]
[TimeControl "180+1"]
[EndTime "9:16:47 PDT"]
[Termination "Aygehovit1992 won by resignation"]

1. e4 e5 2. Nf3 Nc6 3. Bb5 a6 4. Ba4 Nf6 5. O-O Be7 6. d3 b5 7. Bb3 O-O 8. Nc3 d6 9. a3 Be6 10. Nd5 h6 11. c4 Rb8 12. h3 Na5 13. Ba2 c6 14. Nxe7+ Qxe7 15. b4 Nb7 16. Re1 bxc4 17. dxc4 a5 18. Bb2 Ra8 19. b5 c5 20. a4 Nd7 21. Nd2 Nb6 22. Rc1 f6 23. Nf1 Rfd8 24.
Ne3 Qf7 25. Kh2 g6 26. g3 Kg7 27. f4 Rh8 28. Rf1 h5 29. fxe5 dxe5 30. Bxe5 Nd7 31. Ba1 Rad8 32. Nd5 Bxd5 33. cxd5 Rhe8 34. Qe2 Nd6 35. Bb1 Re7 36. Rxc5 Ne5 37. Bxe5 Rxe5 38. Rc6 Qe7 39. Qf2 Rf8 40. b6 Nxe4 41. Bxe4 Rxe4 42. Rc7 1-0

[Event "Early-Titled-Tuesday-Blitz-September-05-2023"]
[Site "Chess.com"]
[Date "2023.09.05"]
[Round "7"]
[White "Yerlan-Ra"]
[Black "Sadykov_Ramil"]
[Result "1-0"]
[WhiteElo "2450"]
[BlackElo "2573"]
[TimeControl "180+1"]
[EndTime "9:16:48 PDT"]
[Termination "Yerlan-Ra won on time"]

1. e4 d6 2. d4 Nf6 3. Nc3 e5 4.
Nf3 Nbd7 5. Bc4 Be7 6. O-O O-O 7. dxe5 Nxe5 8. Nxe5 dxe5 9. Qe2 c6 10. a4 a5 11. Bg5 Nd7 12. Be3 Bc5 13. Rad1 Qb6 14. b3 Bxe3 15. fxe3 Nc5 16. Rxf7 Be6 17. Re7 Rae8 18. Rxe8 Rxe8 19. Rd6 Qc7 20. Bxe6+ Nxe6 21. Qd1 Nd4 22. Rxd4 exd4 23. exd4 Qf4 24. Qd3 Qc1+ 25. Nd1 Rd8 26. h3 Qb2 27. Kf2 Qxd4+ 28. Qxd4 Rxd4 29. Ne3 Rxe4 30. Kf3 Rd4 31. Ke2 b5 32. Nf5 Rb4 33.
Ne7+ Kf7 34. Nxc6 1-0

[Event "Early-Titled-Tuesday-Blitz-September-05-2023"]
[Site "Chess.com"]
[Date "2023.09.05"]
[Round "7"]
[White "tptagain"]
[Black "GMWSO"]
[Result "1-0"]
[WhiteElo "2928"]
[BlackElo "3057"]
[TimeControl "180+1"]
[EndTime "9:16:50 PDT"]
[Termination "tptagain won by resignation"]

1. Nf3 c5 2. b3 d5 3. e3 Nc6 4. Bb2 a6 5. g3 Qc7 6. c4 dxc4 7.
bxc4 Bf5 8. Nc3 e6 9. Nh4 Bg6 10.
Nxg6 hxg6 11. Ne4 Rd8 12. Bg2 Nh6 13. O-O Nf5 14. Rb1 Be7 15. Bc3 O-O 16. Qb3 Rb8 17.
Qb6 Rfc8 18. Qxc7 Rxc7 19. Rb6 f6 20. Rfb1 Nd8 21. Rxa6 Kf7 22. a4 Rcc8 23. Rab6 Ra8 24. a5 Ra7 25. f4 Rc7 26. R6b5 Nd6 27. Nxd6+ Bxd6 28. g4 Ke7 29. Kf2 e5 30. f5 g5 31.
Bd5 Kd7 32. Kf3 Nc6 33. Bxc6+ bxc6 34. Rb8 Rc8 35. Rxc8 Kxc8 36. h4 gxh4 37. Rh1 Bc7 38. Rxh4 Bxa5 39. Bxa5 Rxa5 40. Rh8+ Kb7 41. Rh7 Ra1 42.
Rxg7+ 1-0

[Event "Early-Titled-Tuesday-Blitz-September-05-2023"]
[Site "Chess.com"]
[Date "2023.09.05"]
[Round "7"]
[White "GOGIEFF"]
[Black "Zkid"]
[Result "1-0"]
[WhiteElo "3011"]
[BlackElo "2869"]
[TimeControl "180+1"]
[EndTime "9:16:50 PDT"]
[Termination "GOGIEFF won on time"]

1. d4 d5 2. c4 dxc4 3. e4 Nf6 4.
e5 Nd5 5. Bxc4 Nc6 6. Ne2 Bf5 7. O-O e6 8. Nbc3 Nb6 9. Bb3 Qd7 10. Be3 O-O-O 11. Rc1 Kb8 12. Bc2 Bxc2 13. Qxc2 f6 14. Rfd1 Nb4 15. Qb3 N4d5 16. Ne4 f5 17. Nc5 Qc8 18.
a4 Nxe3 19. fxe3 Bxc5 20. Rxc5 Nd5 21. Rdc1 Qd7 22. Nc3 Nxe3 23. Nb5 Nd5 24. Nxc7 Nxc7 25. Rxc7 Qxd4+ 26. Kh1 Qd5 27. Qxd5 Rxd5 28. Rxg7 Rc8 29. Rxc8+ Kxc8 30. h4 Rd7 31. Rg8+ Rd8 32. Rxd8+ Kxd8 33. Kh2 Kc7 34. Kg3 Kc6 35. Kf4 Kd5 36. a5 b5 37. b4 a6 38. g3 Kd4 39. Kg5 Kxe5 40. Kh6 Kf6 41. Kxh7 e5 42. h5 Kf7 43. h6 e4 44. g4 1-0

[Event "Early-Titled-Tuesday-Blitz-September-05-2023"]
[Site "Chess.com"]
[Date "2023.09.05"]
[Round "7"]
[White "Barbus89"]
[Black "viktorskliarov"]
[Result "1-0"]
[WhiteElo "2567"]
[BlackElo "2653"]
[TimeControl "180+1"]
[EndTime "9:16:50 PDT"]
[Termination "Barbus89 won by resignation"]

1. Nf3 c5 2. g3 Nc6 3. d4 cxd4 4. Nxd4 g6 5. Bg2 Bg7 6. Nb3 Nf6 7. O-O O-O 8. c4 d6 9. Nc3 a5 10. Nd4 Nxd4 11.
Qxd4 Be6 12. Qd3 Rc8 13. b3 Nd7 14. Bb2 Nc5 15. Qd2 Qd7 16. Nb5 Bxb2 17. Qxb2 Bh3 18. Rad1 Bxg2 19. Kxg2 h5 20. h4 Qc6+ 21. Kg1 Qe4 22. Rd5 a4 23. Nc3 Qg4 24. Rfd1 axb3 25. axb3 Ne6 26. Kh2 Ng7 27. Rg5 Qe6 28. Nd5 Rc5 29. Rd3 Re8 30. Re3 Qd7 31. Rxe7 Qxe7 32. Nxe7+ Rxe7 33. Rxc5 dxc5 34. Qf6 Rxe2 35. Kg2 Ne6 36. Qf3 Rb2 37. Qxb7 Kg7 38. Qb6 Kg8 39. Qb8+ Kg7 40. Qe5+ Kg8 41. Qxb2 1-0

[Event "Early-Titled-Tuesday-Blitz-September-05-2023"]
[Site "Chess.com"]
[Date "2023.09.05"]
[Round "7"]
[White "enkhtuul"]
[Black "knightinshiningarmour16"]
[Result "1-0"]
[WhiteElo "2353"]
[BlackElo "2115"]
[TimeControl "180+1"]
[EndTime "9:16:50 PDT"]
[Termination "enkhtuul won by resignation"]

1. e4 c6 2. d4 d5 3. f3 a6 4. e5 Bf5 5. Bd3 Bxd3 6. Qxd3 e6 7. Ne2 c5 8. c4 dxc4 9. Qxc4 Nd7 10. Nbc3 cxd4 11.
Qxd4 Ne7 12. Bg5 Qc7 13. Bxe7 Bxe7 14. f4 O-O-O 15. O-O-O Kb8 16. Kb1 Bc5 17. Qe4 g6 18.
Na4 Be7 19. Rc1 Qa5 20. Rhd1 Nb6 21. Nxb6 Qxb6 22. Nc3 Qb4 23. Qf3 Bc5 24. Ne4 Bd4 25.
Rd2 Rc8 26. Rxc8+ Rxc8 27. a3 Qb6 28. g3 Be3 29. Rc2 Rxc2 30. Kxc2 Bd4 31. Nc3 Qc5 32. b4 Qxc3+ 33. Qxc3 Bxc3 34. Kxc3 Kc7 35. Kc4 b5+ 36.
Kc5 h6 37. h3 h5 38. h4 Kb7 39. Kd6 a5 40. Ke7 axb4 41. axb4 Kc6 42. Kxf7 Kd5 43. Kf6 Kc4 44. Kxe6 Kxb4 45. Kf6 Kc3 46. e6 b4 47. e7 b3 48. e8=Q b2 49. Qe1+ Kc2 50. Qe2+ Kc1 51.
Qxb2+ Kxb2 52. Kxg6 Kc3 53. f5 Kd4 54. f6 Ke5 55. f7 Ke4 56. f8=Q 1-0

[Event "Early-Titled-Tuesday-Blitz-September-05-2023"]
[Site "Chess.com"]
[Date "2023.09.05"]
[Round "7"]
[White "mishanick"]
[Black "ChessQueen"]
[Result "1-0"]
[WhiteElo "3074"]
[BlackElo "2774"]
[TimeControl "180+1"]
[EndTime "9:16:51 PDT"]
[Termination "mishanick won on time"]

1. d4 Nf6 2. c4 e6 3. Nc3 Bb4 4. e3 b6 5. Bd3 Bb7 6. Nf3 Ne4 7. O-O f5 8. Qc2 Nxc3 9. bxc3 Bxf3 10. gxf3 Bd6 11.
e4 Qh4 12. e5 Be7 13. Kh1 Bg5 14. Rg1 Bxc1 15. Raxc1 g6 16. Qd2 Nc6 17. Qe3 Kf7 18. f4 Rag8 19. c5 bxc5 20. dxc5 Ne7 21. c4 g5 22. Rxg5 Rxg5 23. fxg5 h6 24. g6+ Nxg6 25. Rd1 Rd8 26. Be2 c6 27. Bf3 Nf8 28. Rd4 Qg5 29. Qe1 Rb8 30. h4 Qe7 31. Qa5 Rb2 32. Kg2 Kg8 33. Kf1 Qg7 34. Qe1 Qe7 35. Qa5 Qg7 36. Qe1 Rxa2 37. Qe3 Ra1+ 38. Bd1 1-0

[Event "Early-Titled-Tuesday-Blitz-September-05-2023"]
[Site "Chess.com"]
[Date "2023.09.05"]
[Round "7"]
[White "wonderfultime"]
[Black "hansen"]
[Result "1-0"]
[WhiteElo "3001"]
[BlackElo "2868"]
[TimeControl "180+1"]
[EndTime "9:16:51 PDT"]
[Termination "wonderfultime won on time"]

1. d4 Nf6 2. Nf3 g6 3. Nbd2 Bg7 4. e4 d6 5. Bb5+ Nfd7 6. O-O O-O 7. Re1 e5 8. c3 a6 9. Ba4 Nb6 10. Bb3 exd4 11. Nxd4 N8d7 12. N2f3 Nc5 13. Bc2 Re8 14. Bg5 Bf6 15. Bh6 Bd7 16. h3 Nc4 17. b3 Na3 18. Bd3 Nxd3 19. Qxd3 c5 20. Ne2 c4 21. Qd2 Rc8 22.
Rad1 Rxe4 23. Qxd6 Nc2 24. Ng3 Rxe1+ 25. Nxe1 Nxe1 26. Rxe1 Bc6 27. Qf4 Bxc3 28. Rc1 Qd5 29. Qf3 Qxf3 30. gxf3 Be5 31. Rxc4 f5 32. Kg2 Rd8 33. Ne2 Rd3 34. Be3 Kf7 35. Nf4 Rd1 36. h4 Bf6 37. Nh3 1-0

[Event "Early-Titled-Tuesday-Blitz-September-05-2023"]
[Site "Chess.com"]
[Date "2023.09.05"]
[Round "7"]
[White "KChor05TTV"]
[Black "Vuk2000"]
[Result "0-1"]
[WhiteElo "2612"]
[BlackElo "2751"]
[TimeControl "180+1"]
[EndTime "9:16:52 PDT"]
[Termination "Vuk2000 won by resignation"]

1. d4 Nf6 2. c4 e6 3. g3 d5 4. Nf3 Bb4+ 5. Bd2 Bd6 6. Qc2 b6 7. Bg2 O-O 8. Ne5 Bb7 9. Nc3 Nc6 10.
Nxc6 Bxc6 11. Bg5 Be7 12. Rd1 Qd7 13. O-O dxc4 14. e4 Bb7 15. d5 e5 16. f4 Bc5+ 17. Kh1 Ng4 18. Qe2 Ne3 19. fxe5 Nxd1 20. Rxd1 Rae8 21.
Bf4 b5 22. h4 b4 23. Nb1 Ba6 24. Kh2 Qa4 25. Qg4 Kh8 26. h5 Rg8 27. Rf1 c3 28. bxc3 Bxf1 29. Bxf1 Qxa2+ 30. Kh3 Qxb1 31. Bg2 h6 32. Qf5 bxc3 33. e6 fxe6 34. dxe6 c2 35. Bxh6 c1=Q 36. Bxc1 Qxc1 37. e5 Qh6 38. Be4 Rxe6 39.
Qg4 Be3 40. Bg6 Rxe5 41. Qd7 Rxh5+ 42. Bxh5 Qxh5+ 43. Kg2 Qh6 0-1

[Event "Early-Titled-Tuesday-Blitz-September-05-2023"]
[Site "Chess.com"]
[Date "2023.09.05"]
[Round "7"]
[White "only_strong_moves"]
[Black "Willychess95"]
[Result "1-0"]
[WhiteElo "2552"]
[BlackElo "2692"]
[TimeControl "180+1"]
[EndTime "9:16:52 PDT"]
[Termination "only_strong_moves won on time"]

1. d4 Nf6 2. Nc3 d5 3. Bf4 c6 4. e3 g6 5. Nf3 Bg7 6. Ne5 O-O 7. h4 h5 8. Be2 Nbd7 9. f3 Re8 10. g4 Qa5 11. Qd2 Nb6 12. O-O-O Na4 13. Nxa4 Qxa4 14. Kb1 Be6 15. Rdg1 c5 16. c3 b5 17. Bd3 b4 18.
gxh5 Nxh5 19. cxb4 Qxb4 20. Qxb4 cxb4 21. Bh2 Rec8 22. Rc1 Bh6 23. f4 Nf6 24. Nc6 Bf8 25.
f5 Bxf5 26. Bxf5 gxf5 27. Nxb4 Kh7 28. Be5 a5 29. Bxf6 axb4 30. Be5 Re8 31. Rc5 Ra6 32. Rxd5 Rea8 33. Rg1 Rxa2 34. Kc2 R2a6 35. Bf4 e6 36. Rb5 Rc6+ 37. Kb3 Rac8 38. Rb7 1-0

[Event "Early-Titled-Tuesday-Blitz-September-05-2023"]
[Site "Chess.com"]
[Date "2023.09.05"]
[Round "7"]
[White "hakanazeri2"]
[Black "aranibos"]
[Result "1-0"]
[WhiteElo "2574"]
[BlackElo "2260"]
[TimeControl "180+1"]
[EndTime "9:16:52 PDT"]
[Termination "hakanazeri2 won by resignation"]

1. b4 e5 2. Bb2 Bxb4 3. Bxe5 Nf6 4. Nf3 d6 5. Bb2 Nc6 6. e3 O-O 7. Be2 Bf5 8. O-O d5 9. d3 Bd6 10. Nbd2 Re8 11. c4 Bg6 12. Bxf6 Qxf6 13. cxd5 Ne5 14. Nxe5 Bxe5 15. d4 Bd6 16. Nc4 Rad8 17. Nxd6 Qxd6 18. Rc1 Qxd5 19. Rxc7 Be4 20. f3 Bg6 21. e4 Qxa2 22. Bc4 Qb2 23. Bd5 Rb8 24. Qa4 b5 25. Qxa7 Rf8 26. Rfc1 b4 27. R7c2 Qa3 28. Qxa3 bxa3 29. Ra2 Rb4 30. Rxa3 Rxd4 31. Ra7 h5 32. Rcc7 h4 33. h3 Rd2 34. Kh2 Rb2 35. e5 Bd3 36. Bxf7+ Kh8 37. e6 Bf1 38. e7 Rxg2+ 39. Kh1 Rb8 40.
e8=Q+ Rxe8 41. Bxe8 Rg5 42. Bf7 Bg2+ 43. Kh2 Bxf3 44. Ra2 Kh7 45. Rc4 g6 46. Rxh4+ Kg7 47. Rf2 Bb7 48. Be6 1-0

[Event "Early-Titled-Tuesday-Blitz-September-05-2023"]
[Site "Chess.com"]
[Date "2023.09.05"]
[Round "7"]
[White "BatboldNyamsuren0919"]
[Black "Ginger_GM"]
[Result "1-0"]
[WhiteElo "2487"]
[BlackElo "2594"]
[TimeControl "180+1"]
[EndTime "9:16:53 PDT"]
[Termination "BatboldNyamsuren0919 won by resignation"]

1. d4 e6 2. Nf3 f5 3. c4 Nf6 4. g3 Be7 5. Bg2 O-O 6. O-O d6 7.
Nc3 Ne4 8. Nd2 Nxc3 9. bxc3 e5 10. Bb2 Qe8 11. c5 Kh8 12. cxd6 cxd6 13. c4 Nc6 14.
dxe5 dxe5 15. Nb3 Be6 16. Rc1 Rd8 17. Qc2 Qf7 18. Bxc6 bxc6 19. Bxe5 Qh5 20. Nd4 Bd7 21.
Nf3 c5 22. Rcd1 Bc6 23. Qc3 Qh6 24. Bf4 Qe6 25. Be5 Qf7 26. Rxd8 Rxd8 27. Rb1 h6 28. Rb8 Kh7 29. Rxd8 Bxd8 30. Qd3 Be7 31. Nd2 Qe6 32. f4 Bb7 33. e4 Qc6 34. Qd5 fxe4 35. Qf7 Bf6 36.
Bxf6 Qxf6 37. Qxb7 Qd4+ 38. Kf1 Qd3+ 39. Ke1 e3 40.
Qe4+ 1-0

[Event "Early-Titled-Tuesday-Blitz-September-05-2023"]
[Site "Chess.com"]
[Date "2023.09.05"]
[Round "7"]
[White "vugarrasulov"]
[Black "nihalsarin"]
[Result "1/2-1/2"]
[WhiteElo "2931"]
[BlackElo "3125"]
[TimeControl "180+1"]
[EndTime "9:16:58 PDT"]
[Termination "Game drawn by repetition"]

1. e4 c6 2. Nc3 d5 3. Nf3 Bg4 4. h3 Bxf3 5. Qxf3 e6 6. d4 dxe4 7. Nxe4 Qxd4 8. Bd3 Nd7 9. O-O Ngf6 10. Be3 Qe5 11.
Rad1 Nd5 12. Bc1 Be7 13. c4 N5f6 14. Rfe1 O-O 15. Ng5 Qa5 16. Nxh7 Nxh7 17. Bxh7+ Kxh7 18. Qd3+ Kg8 19. Qxd7 Bb4 20. Rf1 Qxa2 21. Qxb7 Qxc4 22.
Be3 c5 23. Rc1 Rab8 24. Qxf7+ Rxf7 25. Rxc4 Rb5 26. Rfc1 Rf5 27. g4 Rd5 28. Kg2 a5 29. h4 Kf7 30. h5 Bd2 31. Bxd2 Rxd2 32. Rxc5 Rdxb2 33. Rc7+ Kf6 34. R1c3 Rb7 35. Rf3+ Kg5 36. Rxb7 Rxb7 37. Ra3 Ra7 38. Ra4 e5 39. Kg3 Ra8 40.
f3 Ra7 41. Kf2 Kf6 42. Ke3 Ke6 43. Ke4 Kd6 44. Kf5 Ke7 45. Kg6 Kf8 46. g5 Kg8 47. Kf5 Rf7+ 48. Kxe5 Rxf3 49. Rxa5 Kh7 50. Ra8 Rf1 51.
Ke6 Re1+ 52. Kf5 Rf1+ 53. Ke4 Re1+ 54. Kf4 Rf1+ 55. Ke3 Rg1 56. g6+ Kh6 57. Rh8+ Kg5 58. Rh7 Kf6 59. Kf4 Rf1+ 60. Kg4 Rg1+ 61. Kf4 Rf1+ 62. Kg4 Rg1+ 63. Kh4 Ra1 64. Kg4 Rh1 65.
Rh8 Rg1+ 66. Kf4 Rf1+ 67. Kg4 Rg1+ 68. Kf4 Rf1+ 69. Kg4 Rg1+ 1/2-1/2

[Event "Early-Titled-Tuesday-Blitz-September-05-2023"]
[Site "Chess.com"]
[Date "2023.09.05"]
[Round "7"]
[White "kikoveiga"]
[Black "Vsevolod_Ovchinnikov"]
[Result "1-0"]
[WhiteElo "2609"]
[BlackElo "2604"]
[TimeControl "180+1"]
[EndTime "9:16:58 PDT"]
[Termination "kikoveiga won by resignation"]

1. c4 Nf6 2. Nc3 d5 3. cxd5 Nxd5 4.
Nf3 g6 5. h4 Bg7 6. h5 Nc6 7.
d4 Nb6 8. Bf4 Bg4 9. e3 Bxh5 10.
Rc1 a6 11. Be2 Bg4 12. Ne4 Nd5 13. Bh2 Bc8 14. Qb3 e6 15. O-O O-O 16. Nc5 Na5 17. Qa4 b6 18. Nxa6 Bxa6 19. Bxa6 Rxa6 20. b4 Qe7 21.
bxa5 Rxa5 22. Qc4 Rc8 23. e4 Nf6 24. Rfe1 c5 25. d5 b5 26. Qc2 exd5 27. exd5 Qb7 28. d6 Ra6 29. Re7 Qd5 30. d7 Nxd7 31. Rd1 Qxa2 32.
Qxa2 Rxa2 33. Rexd7 c4 34. Rd8+ Rxd8 35. Rxd8+ Bf8 36.
Bd6 Kg7 37. Bxf8+ Kf6 38. Bb4 Ke6 39. Nd4+ Ke5 40. Nxb5 Ra1+ 41. Kh2 Rb1 42. Bc3+ Ke6 43.
Nd4+ Ke7 44. Rc8 Kd6 45. Rxc4 Kd5 46. Rc8 Ke4 47. Nf3 h6 48. Nd2+ Kd3 49. Nxb1 1-0

[Event "Early-Titled-Tuesday-Blitz-September-05-2023"]
[Site "Chess.com"]
[Date "2023.09.05"]
[Round "7"]
[White "AquivaRubinstein"]
[Black "wannabe2700"]
[Result "0-1"]
[WhiteElo "2463"]
[BlackElo "2630"]
[TimeControl "180+1"]
[EndTime "9:17:00 PDT"]
[Termination "wannabe2700 won on time"]

1. d4 d6 2. c4 g6 3. Nc3 Bg7 4. e4 Nc6 5. Nge2 e5 6. Be3 f5 7. exf5 Bxf5 8. d5 Nb8 9. Ng3 Nf6 10. Bd3 Bxd3 11. Qxd3 O-O 12. O-O-O Na6 13. f3 Nb4 14. Qe2 a5 15. a3 Na6 16. Nce4 Nd7 17. h4 h6 18. h5 g5 19. Qc2 b6 20. Nc3 Nac5 21. Kb1 a4 22. Nf5 Qf6 23. g4 Rf7 24. Ne4 Qd8 25.
Bxc5 Nxc5 26. Nxc5 bxc5 27. Ka2 Qb8 28. Nxh6+ Bxh6 29. Qg6+ Rg7 30. Qxh6 Qb3+ 31. Ka1 Rb8 32.
Qe6+ Kh8 33. Rd2 Qe3 34. Qh6+ Rh7 35. Qf6+ Kg8 36. Rhd1 Rf8 37. Qg6+ Kh8 38. Qe4 Rxf3 39. Qxe3 Rxe3 40. Rf2 Re4 41. Rf8+ Kg7 42. Rdf1 Rxg4 43. R1f7+ Kh6 44. Rf6+ Kxh5 0-1

[Event "Early-Titled-Tuesday-Blitz-September-05-2023"]
[Site "Chess.com"]
[Date "2023.09.05"]
[Round "7"]
[White "JaloliddinIlkhomi"]
[Black "fastestmindalive"]
[Result "0-1"]
[WhiteElo "2571"]
[BlackElo "2710"]
[TimeControl "180+1"]
[EndTime "9:17:03 PDT"]
[Termination "fastestmindalive won by resignation"]

1. Nf3 Nf6 2. d4 e6 3. Bf4 d5 4. e3 Bd6 5. Bg3 c5 6. c3 Qc7 7. Nbd2 Nbd7 8. Bd3 e5 9. dxe5 Nxe5 10. Nxe5 Bxe5 11.
O-O Bxg3 12. hxg3 Be6 13. Qa4+ Bd7 14. Qf4 Qxf4 15. gxf4 Bc6 16. Nf3 Nd7 17. Rfd1 f6 18. c4 dxc4 19. Bxc4 Nb6 20. Bd3 Bxf3 21. gxf3 O-O-O 22. Rac1 c4 23. b3 Kb8 24. Bxc4 Rxd1+ 25. Rxd1 Nxc4 26.
bxc4 Kc7 27. e4 f5 28. e5 Re8 29. Rd6 Rd8 30. Rxd8 Kxd8 31. Kg2 Kd7 32. Kg3 h6 33. a4 g6 34. Kg2 Ke6 35. Kg3 Ke7 36. a5 a6 37. Kh3 Kd7 38. Kg2 Kc6 39. Kf1 b6 40.
axb6 Kxb6 41. e6 Kc6 42. c5 a5 43. Ke2 a4 44. Kd3 a3 45. Kc3 a2 46. Kb2 h5 47.
e7 Kd7 48. e8=Q+ 0-1

[Event "Early-Titled-Tuesday-Blitz-September-05-2023"]
[Site "Chess.com"]
[Date "2023.09.05"]
[Round "7"]
[White "chito89"]
[Black "Msb2"]
[Result "0-1"]
[WhiteElo "2809"]
[BlackElo "3095"]
[TimeControl "180+1"]
[EndTime "9:17:04 PDT"]
[Termination "Msb2 won on time"]

1. Nf3 d5 2. g3 e6 3. Bg2 Nf6 4. O-O Bd6 5. d4 O-O 6. c4 Nc6 7. Nbd2 a5 8. Qc2 Nb4 9. Qb1 c5 10. e4 Be7 11. e5 Nd7 12. a3 Nc6 13. cxd5 exd5 14. Re1 cxd4 15. Nb3 Re8 16. Qd3 a4 17. Nbxd4 Nc5 18. Qc2 Bg4 19. Be3 Rc8 20. Nxc6 Rxc6 21. Bxc5 Bxc5 22. Qxa4 Bd7 23. Qf4 Qb6 24. Re2 h6 25. b4 Bf8 26. Nd4 Rc4 27. Bxd5 Qxd4 28. Qxf7+ Kh7 29. Rae1 Rc7 30. Qg8+ Kg6 31. Bf7+ Kg5 32.
h4+ Kg4 33. Bxe8 Bf5 34. Qxf8 g6 35. Qf6 Rc3 36. Kh2 Rf3 37. Rf1 Qd3 38. h5 Rxg3 39.
f3+ Rxf3 40. Rg1+ Rg3 41. Reg2 Kf4 42. Rxg3 Qe2+ 43. R1g2 Qxh5+ 44. Kg1 Qd1+ 45. Kh2 Qh5+ 46. Rh3 Qxh3+ 47. Kg1 Qe3+ 48. Rf2+ Kg3 0-1

[Event "Early-Titled-Tuesday-Blitz-September-05-2023"]
[Site "Chess.com"]
[Date "2023.09.05"]
[Round "7"]
[White "ContrVersia"]
[Black "MKlose11"]
[Result "1-0"]
[WhiteElo "2916"]
[BlackElo "2656"]
[TimeControl "180+1"]
[EndTime "9:17:04 PDT"]
[Termination "ContrVersia won on time"]

1. Nf3 Nf6 2. c4 c5 3. b3 g6 4. Bb2 Bg7 5. g3 d6 6. Bg2 Nc6 7. O-O Bd7 8. d4 cxd4 9. Nxd4 O-O 10. Qd2 Re8 11. Na3 Qa5 12. Qxa5 Nxa5 13. Rad1 Nc6 14. Nac2 Ng4 15. e3 Nge5 16. h3 Nxd4 17. exd4 Nc6 18.
Rfe1 a5 19. Bc3 Kf8 20. Re3 Bf5 21. Na3 Nb4 22. Bxb7 Rab8 23. Bg2 Nxa2 24. Bxa5 Nb4 25. g4 Bd7 26. Bxb4 Rxb4 27. Nc2 Rb6 28. Ra1 Reb8 29.
Ra7 Ke8 30. b4 Bh6 31. Re2 Kd8 32. c5 dxc5 33. dxc5 Re6 34. Rxe6 Bxe6 35. Nd4 Rc8 36. Nc6+ Ke8 37. Rxe7+ Kf8 38. Ra7 Bf4 39. Ne7 Rb8 40. Nc6 Rc8 41. b5 1-0

[Event "Early-Titled-Tuesday-Blitz-September-05-2023"]
[Site "Chess.com"]
[Date "2023.09.05"]
[Round "7"]
[White "malakismayil"]
[Black "Athanasios2"]
[Result "0-1"]
[WhiteElo "2525"]
[BlackElo "2696"]
[TimeControl "180+1"]
[EndTime "9:17:04 PDT"]
[Termination "Athanasios2 won on time"]

1. e4 c5 2. Nf3 d6 3. Bb5+ Bd7 4. Bxd7+ Nxd7 5. O-O Ngf6 6. Re1 g6 7. c3 Bg7 8. d4 cxd4 9. cxd4 e6 10. Nc3 O-O 11.
Bf4 Nb6 12. Rc1 a6 13. Qb3 Rc8 14. Red1 h6 15. h3 g5 16. Bxd6 Qxd6 17. e5 Qd8 18. exf6 Bxf6 19. Ne4 Nd5 20. Ne5 Qe7 21. Nc3 Nf4 22.
Re1 Rfd8 23. Rcd1 Qc7 24. Nf3 b5 25. Ne4 Bg7 26. Qe3 Nd5 27. Qe2 Qa5 28. a3 Qb6 29.
Rd2 a5 30. Red1 b4 31. a4 b3 32. h4 Nf4 33. Qe3 Nd5 34. Qe2 g4 35. Ne5 h5 36.
Ng3 Nf4 37. Qe4 Bh6 38. Nd3 Rxd4 39. Qe5 Ng6 40. Qxh5 Bxd2 41. Rxd2 Rcd8 0-1

[Event "Early-Titled-Tuesday-Blitz-September-05-2023"]
[Site "Chess.com"]
[Date "2023.09.05"]
[Round "7"]
[White "FoxOnTheRun97"]
[Black "Kapitan_Bayan"]
[Result "1-0"]
[WhiteElo "2521"]
[BlackElo "2201"]
[TimeControl "180+1"]
[EndTime "9:17:04 PDT"]
[Termination "FoxOnTheRun97 won on time"]

1. d4 d5 2. c4 dxc4 3. e3 e6 4. Bxc4 c5 5. Nf3 Nf6 6. O-O a6 7. a4 Nc6 8. Nc3 Be7 9. dxc5 Qc7 10. b3 Bxc5 11. Bb2 O-O 12. Rc1 Bd7 13. Ne2 Nb4 14.
Bxf6 gxf6 15. Nf4 b6 16. Nh5 Bc6 17. Nd4 f5 18. Nf6+ Kg7 19. Qh5 Kxf6 20. Qh4+ Kg7 21. Qg5+ Kh8 22. Qf6+ Kg8 23. Nxe6 fxe6 24. Bxe6+ Rf7 25.
Qxf5 Rf8 26. Bxf7+ Rxf7 27. Qh3 Rg7 28. f3 Bxe3+ 29.
Kh1 Bxc1 30. Rxc1 Qf4 31. Rd1 Rd7 32. Re1 Re7 33. Rd1 Bd5 34. Qc8+ Kf7 35. Qc3 a5 36. Rf1 Qe5 37. Qd2 Qe2 38. Qf4+ Ke8 39. Rg1 Nd3 40. Qb8+ Kf7 41. h3 Bxf3 42. gxf3 1-0

[Event "Early-Titled-Tuesday-Blitz-September-05-2023"]
[Site "Chess.com"]
[Date "2023.09.05"]
[Round "7"]
[White "sokidze"]
[Black "vladislavkovalev"]
[Result "0-1"]
[WhiteElo "2772"]
[BlackElo "2918"]
[TimeControl "180+1"]
[EndTime "9:17:06 PDT"]
[Termination "vladislavkovalev won by resignation"]

1. d4 Nf6 2. c4 e6 3. Nc3 Bb4 4. e3 O-O 5. Bd2 d5 6. Nf3 b6 7.
cxd5 exd5 8. Rc1 Re8 9. Ne5 a6 10. Bd3 Bd6 11. f4 c5 12. O-O b5 13. Be1 Qb6 14.
Kh1 c4 15. Bb1 Bb7 16. Qf3 b4 17. Ne2 Nc6 18. Bh4 Ne4 19. Bxe4 dxe4 20. Qg3 Na5 21. Nd7 Qb5 22. Nf6+ Kh8 23. Qh3 Re6 24. Ng4 Bc8 25. f5 Re8 26. f6 g6 27. Bg3 h5 28. Bxd6 Bxg4 29. Qh4 Bxe2 30. Rf2 Bg4 31. h3 Be6 32. Be5 Kh7 33. g4 Nc6 34. gxh5 g5 35. Qxg5 Rg8 36.
Qf4 Nxe5 37. dxe5 Qd5 38. Rg1 Rxg1+ 39. Kxg1 Rg8+ 40. Kh2 c3 41. bxc3 bxc3 42. Rg2 Rxg2+ 43.
Kxg2 Qd2+ 44. Kg3 Qe1+ 45. Kg2 Qe2+ 46. Kg3 Qf3+ 0-1

[Event "Early-Titled-Tuesday-Blitz-September-05-2023"]
[Site "Chess.com"]
[Date "2023.09.05"]
[Round "7"]
[White "SilverCityIndigo"]
[Black "aghasiyevkamal"]
[Result "0-1"]
[WhiteElo "2324"]
[BlackElo "2535"]
[TimeControl "180+1"]
[EndTime "9:17:07 PDT"]
[Termination "aghasiyevkamal won by checkmate"]

1. d4 d5 2. c4 e6 3. Nc3 Nf6 4.
cxd5 exd5 5. Bg5 c6 6. e3 Nbd7 7. Bd3 Bd6 8. Nge2 h6 9. Bh4 Qe7 10. Bg3 Nb6 11. O-O Bg4 12. Qc2 Bxe2 13. Nxe2 Bxg3 14.
Nxg3 O-O 15. Rae1 Nc8 16. Nf5 Qd8 17. Qb3 Rb8 18. Qb4 Re8 19. Rc1 Re6 20. h3 Nd6 21. Qa4 a6 22. Qd1 Nxf5 23. Bxf5 Re8 24. Qf3 Qd6 25.
a3 g6 26. Bd3 Re6 27. b4 Rbe8 28. Rc3 Nh7 29. h4 h5 30. Rb1 Nf6 31. Bf1 Ng4 32.
g3 Rf6 33. Qg2 Rxf2 34. Qxf2 Nxf2 35. Kxf2 Re6 36. Bh3 Rf6+ 37. Kg2 g5 38. hxg5 Rg6 39. Rf1 Rxg5 40. Rf4 h4 41. g4 f5 42. Rc2 fxg4 43. Bxg4 Qg6 44. Kh3 Qxc2 45. Be6+ Kg7 46. Rf7+ Kh6 47.
Rf4 Qe2 48. Kxh4 Qh2+ 49. Bh3 Qg3# 0-1

[Event "Early-Titled-Tuesday-Blitz-September-05-2023"]
[Site "Chess.com"]
[Date "2023.09.05"]
[Round "7"]
[White "Maus7"]
[Black "HajiyevKanan"]
[Result "1-0"]
[WhiteElo "2492"]
[BlackElo "2463"]
[TimeControl "180+1"]
[EndTime "9:17:07 PDT"]
[Termination "Maus7 won by resignation"]

1. e4 c6 2. d4 d5 3. e5 a6 4. Be2 Bf5 5. Nf3 e6 6. O-O c5 7. Be3 Qb6 8. c4 dxc4 9. Na3 Nc6 10. Nxc4 Qc7 11. dxc5 Nxe5 12. Nfxe5 Bxc5 13. Bxc5 Qxc5 14. Nd6+ Ke7 15. Nxf5+ exf5 16. Qd7+ Kf6 17. Qxb7 Qxe5 18. Qxa8 Qxe2 19. Qd8+ Kg6 20. b4 h5 21. Rfe1 Qb2 22.
Qa8 h4 23. Qxa6+ Nf6 24. Rab1 Qd4 25. h3 Rh5 26. Qf1 Ne4 27. Red1 Qa7 28. b5 Qb6 29. a4 f4 30. a5 Qxa5 31. b6 Rh8 32. b7 Rb8 33. Qd3 f5 34. Qb5 Qa7 35. Qb6+ Qxb6 36.
Rxb6+ Kf7 37. Rc1 Nf6 38. Rc8 Nd7 39. Rxb8 Nxb8 40. Rd6 Ke7 41. Rd3 g5 42. Kf1 Nc6 43. Ke2 Nb8 44. Kd2 g4 45. Kc3 Na6 46. hxg4 Nc5 47.
b8=Q Ne4+ 48. Kd4 fxg4 49. Qe5+ Kf7 50. Qxe4 f3 51. Rd1 fxg2 52. Qxg2 h3 53. Qe4 Kf6 54.
Qd5 h2 55. Qe5+ Kg6 56. Qe4+ 1-0